 Dungeon Crawl Stone Soup version 0.27-a0-1105-g946c659c87 (webtiles) character file.

Game seed: 12764325369822613325

11 kae the Skirmisher (level 2, -2/27 HPs)
             Began as a Hill Orc Fighter on Apr 29, 2021.
             Slain by a kobold
             ... wielding a +0 whip of electrocution
              (14 damage)
             ... on level 1 of the Dungeon.
             The game lasted 00:00:45 (841 turns).

kae the Skirmisher (Hill Orc Fighter)                Turns: 841, Time: 00:00:45

Health: -2/27      AC:  6    Str: 18    XL:     2   Next: 25%
Magic:  2/2        EV:  7    Int:  8    God:
Gold:   87         SH:  9    Dex: 10    Spells: 1/1 levels left

rFire    . . .     SeeInvis .   a - +0 war axe
rCold    . . .     Faith    .   c - +0 kite shield
rNeg     . . .     Spirit   .   b - +0 scale mail
rPois    .         Reflect  .   (no helmet)
rElec    .         Harm     .   (no cloak)
rCorr    .         Rampage  .   (no gloves)
Will     .....                  (no boots)
Stlth    ..........             (no amulet)
HPRegen  0.09/turn              (no ring)
MPRegen  0.08/turn              (no ring)

@: no status effects
A: no striking features
a: no special abilities


You were on level 1 of the Dungeon.
You visited 1 branch of the dungeon, and saw 1 of its levels.

You collected 87 gold pieces.

Inventory:

Hand Weapons
 a - a +0 war axe (weapon)
Armour
 b - a +0 scale mail (worn)
 c - a +0 kite shield (worn)
Scrolls
 e - a scroll of identify {unknown}
Potions
 d - a potion of might
 f - a potion of flight {unknown}


   Skills:
 + Level 3.8 Fighting
 * Level 3.2 Axes
 + Level 3.4 Armour
 + Level 0.4 Dodging
 - Level 3.2 Shields


You had one spell level left.
You didn't know any spells.
Your spell library was empty.

Dungeon Overview and Level Annotations

Branches:
Dungeon (1/15)

Altars:


Message History

You hit the kobold.
You kill the kobold!
Things that are here:
a +0 dagger; 5 stones No target in view!
No target in view!
A ball python comes into view.
You completely miss the ball python. The ball python barely misses you.
The ball python grabs you. The ball python constricts you.
You closely miss the ball python. You block the ball python's attack.
The ball python constricts you.
The ball python bites you but does no damage.
The ball python constricts you.
A ball python is nearby!
A ball python is nearby!
You hit the ball python.
You kill the ball python!
No target in view!
You see here 13 arrows.
There is a stone staircase leading down here.
A kobold comes into view.
It is wielding a +0 whip of electrocution.
The kobold shouts!
You closely miss the kobold.
The kobold hits you with a +0 whip of electrocution.
You are electrocuted!
A kobold is nearby!
You are too injured to fight recklessly!
You are too injured to fight recklessly!
A kobold is nearby!
You are too injured to fight recklessly!
You are too injured to fight recklessly!
A kobold is nearby!
You are too injured to fight recklessly!
You are too injured to fight recklessly!
You closely miss the kobold. The kobold closely misses you.
The kobold barely misses you.
You miss the kobold. The kobold hits you but does no damage.
You are electrocuted!
Ouch! That really hurt!
You die...

......... #.#
##.....# #.####
#....... #.##..
#....... #.##.#
#....... #.##.#
##.....# ##.##.#
##...## #.K.#.# ##.#
##@##.## #.#
##.#.#..## #.#
#.###.>..# #.#
##.#.##..# #.#
##.###..# #.# ###
#..# #.#
#..#######.#
########....##....##
#......(.......>...#


You could see a kobold.

Vanquished Creatures
  An endoplasm (D:1)
  A hobgoblin (D:1)
  4 kobolds (D:1)
  2 quokkas (D:1)
  A ball python (D:1)
  A rat (D:1)
10 creatures vanquished.

Notes
Turn   | Place    | Note
-------+----------+-------------------------------------------
     0 | D:1      | kae the Hill Orc Fighter began the quest for the Orb.
     0 | D:1      | Reached XP level 1. HP: 19/19 MP: 1/1
   245 | D:1      | Reached XP level 2. HP: 14/27 MP: 2/2
   498 | D:1      | Found a faded altar of an unknown god.
   841 | D:1      | Slain by a kobold

Illustrated notes

Levels and vault maps discovered:
D:1:      sevenhm_arrival_forest_fort_small_4, layout_loops_ring,
          hellmonk_ecumenical_altar_arch_garden

Skill      XL: |  1 |
---------------+----+-----
Axes           | 3 |  3.2
Fighting       | |  3.8
Armour         | |  3.4
Dodging        | |  0.4
Shields        | |  3.2

Action                   || total
-------------------------++-------
Melee: War axe           ||    41
Armor: Scale mail        ||    17
Dodge: Dodged            ||    19
Block: Kite shield       ||    11

Table legend: (Time is in decaauts)
 A = Elapsed time spent in this place.
 B = Non-inter-level travel time spent in this place.
 C = Inter-level travel time spent in this place.
 D = Time resting spent in this place.
 E = Time spent auto-exploring this place.
 F = Levels seen in this place.
 G = Mean time per level.
                   A        B        C        D        E       F      G
               +--------+--------+--------+--------+--------+-----+--------+
         Total |    869 |    869 |      0 |      0 |    774 |   1 |  869.0 |
       Dungeon |    869 |    869 |      0 |      0 |    774 |   1 |  869.0 |
               +--------+--------+--------+--------+--------+-----+--------+

Top non-repeatable levels by time:
     D:1: 869 daAuts
